 Dungeon Crawl Stone Soup version 0.31.0 (webtiles) character file.

Game seed: 13992184388600540206

518 qw the Shooter (level 7, -1/43 HPs)
             Began as a Gargoyle Hunter on Jan 20, 2024.
             Slain by a gnoll bouda
             ... wielding a +0 club
              (6 damage)
             ... on level 5 of the Dungeon.
             The game lasted 00:00:16 (3316 turns).

qw the Shooter (Gargoyle Hunter)                    Turns: 3316, Time: 00:00:17

Health: -1/43      AC:  8    Str: 15    XL:     7   Next: 21%
Magic:  7/7        EV: 12    Int:  9    God:
Gold:   322        SH:  0    Dex: 15    Spells: 6/6 levels left

rFire   . . .        a - +1 shortbow
rCold   . . .        (shield currently unavailable)
rNeg    + + .        c - +0 leather armour
rPois   inf          (no helmet)
rElec   +            (no cloak)
rCorr   .            h - +0 pair of gloves
SInv    .            (no boots)
Will    .....        (no amulet)
Stlth   ++           f - ring of positive energy
HPRegen 0.27/turn    (no ring)
MPRegen 0.10/turn

%: no passive effects
@: about to teleport, weakened
A: sickness immunity, AC +4, negative energy resistance 1, electricity
resistance, torment resistance 1, petrification resistance
a: no special abilities


You were on level 5 of the Dungeon.
You visited 1 branch of the dungeon, and saw 5 of its levels.

You collected 322 gold pieces.


Innate Abilities, Weirdness & Mutations

You are immune to sickness and miasma.
Your stone body is resilient. (AC +4)
You are immune to poison.
You resist negative energy. (rN+)
You are resistant to electric shocks. (rElec)
You are resistant to unholy torment.
You are immune to petrification.


   Skills:
 - Level 4.0 Fighting
 - Level 7.6 Ranged Weapons
 + Level 0.9 Armour
 - Level 2.0 Dodging
 - Level 1.1 Stealth


You had 6 spell levels left.
You didn't know any spells.
Your spell library was empty.

Inventory:

Hand Weapons
 a - a +1 shortbow (weapon)
Armour
 c - a +0 leather armour (worn)
 h - a +0 pair of gloves (worn)
Jewellery
 f - a ring of positive energy (left hand)
Potions
 b - a potion of curing
 e - 2 potions of heal wounds
 i - a potion of brilliance {unknown}

Dungeon Overview and Level Annotations

Branches:
Dungeon (5/15)
 Temple: D:4-7

Altars:
Ashenzari
Nemelex Xobeh
Ru

Annotations:
D:3 3 runed translucent doors, qw's ghost, amateur GrHu; qw's ghost, weakling GrHu


Message History

The arrow hits the gnoll bouda but does no damage.
The gnoll bouda is lightly wounded.
The gnoll bouda gazes fiercely through you!
You feel as though you will be weak longer.
The gnoll bouda hits you with a +0 club.
You shoot an arrow.
The arrow hits the gnoll bouda but does no damage.
The gnoll bouda is lightly wounded.
The gnoll bouda barks out a call to the hunt!
The gnolls pick up the pace!
The gnoll hits you from afar with a +0 halberd!
You shoot an arrow.
The arrow closely misses the gnoll bouda.
The gnoll bouda barely misses you. The gnoll closely misses you.
You shoot an arrow.
The arrow hits the gnoll bouda but does no damage.
The gnoll bouda is lightly wounded.
The gnoll misses you.
The gnoll bouda hits you with a +0 club.
You shoot an arrow.
The arrow barely misses the gnoll bouda.
The gnoll hits you from afar with a +0 halberd!
The gnoll bouda hits you with a +0 club.
You shoot an arrow. The arrow hits the gnoll bouda.
The gnoll bouda is heavily wounded.
The gnoll bouda gazes fiercely through you!
You feel as though you will be weak longer.
The gnoll bouda hits you with a +0 club.
The gnoll barely misses you.
You shoot an arrow.
The arrow hits the gnoll bouda but does no damage.
The gnoll bouda is heavily wounded.
The gnoll hits you from afar with a +0 halberd.
The gnoll bouda hits you with a +0 club!
3316 ||| READING scroll of teleportation.
As you read the scroll of teleportation, it crumbles to dust.
You feel strangely unstable. The gnoll barely misses you.
The gnoll bouda hits you with a +0 club.
You die...

... ....... ..#
.... ....... #.#
... ....... #.#
#.# .$...#
#.###.###....# #
#.##..<.....
#.#.##..###.####.#
#.#.......@.......
#.......###g###..#
###<##.## g#
#.##.# g# #.##.#
.. #..... #)
#.##.# .# #.##.#
.# #.##.#


You could see a gnoll bouda and 2 gnolls.

Vanquished Creatures
  Sigmund (D:2)
  A scorpion (D:4)
  A bombardier beetle (D:4)
  A gnoll bouda (D:4)
  An iguana (D:4)
  5 gnolls
  7 adders
  2 ribbon worms
  13 dart slugs
  2 orcs (D:3)
  9 ball pythons
  5 endoplasms
  3 giant cockroaches
  8 goblins
  5 hobgoblins
  4 jackals
  3 quokkas
  6 bats
  A frilled lizard (D:1)
  8 kobolds
  A rat (D:2)
87 creatures vanquished.

Notes
Turn   | Place    | Note
-------+----------+-------------------------------------------
     0 | D:1      | qw the Gargoyle Hunter began the quest for the Orb.
     0 | D:1      | Reached XP level 1. HP: 12/12 MP: 1/1
     0 | D:1      | 0 ||| qw: Version: 0.3-a-132-g3d54051
     0 | D:1      | 0 ||| qw: Game counter: 471
     0 | D:1      | 0 ||| qw: Melee chars always use a shield: true
     0 | D:1      | 0 ||| qw: God list: Okawaru
     0 | D:1      | 0 ||| qw: Allow faded altars: false
     0 | D:1      | 0 ||| qw: Do Orc after clearing Dungeon:15 true
     0 | D:1      | 0 ||| qw: Do second Lair branch before Depths: true
     0 | D:1      | 0 ||| qw: Lair rune preference: random
     0 | D:1      | 0 ||| qw: Goals: Normal
     0 | D:1      | 0 ||| PLANNING D:1-11
   106 | D:1      | Reached XP level 2. HP: 17/17 MP: 2/2
   454 | D:1      | Reached XP level 3. HP: 18/21 MP: 3/3
   631 | D:1      | 631 ||| READING scroll labelled YGHITWI QASAF.
   631 | D:1      | 631 ||| IDENTIFYING bubbling pink potion
   632 | D:1      | 632 ||| READING scroll labelled RIFOOMILOE.
   633 | D:1      | 633 ||| READING scroll labelled ECZIJILUMO.
   636 | D:1      | 636 ||| READING scroll labelled FISTIO PONAEST.
   637 | D:1      | 637 ||| READING scroll labelled HIYHICUREO.
   638 | D:1      | 638 ||| DROPPING scroll of butterflies.
   674 | D:2      | Reached skill level 5 in Ranged Weapons
   675 | D:2      | 675 ||| STAIRDANCE
   733 | D:2      | 733 ||| STAIRDANCE
   828 | D:2      | 828 ||| FLEEEEING.
   848 | D:2      | Noticed Sigmund
   850 | D:2      | 850 ||| FLEEEEING.
   851 | D:2      | 851 ||| FLEEEEING.
   861 | D:2      | Reached skill level 3 in Fighting
   862 | D:2      | 862 ||| FLEEEEING.
   862 | D:2      | HP: 1/23 [something (8)]
   868 | D:2      | 868 ||| STAIRDANCE
   958 | D:1      | 958 ||| READING scroll of identify.
   958 | D:1      | 958 ||| IDENTIFYING clear potion
   969 | D:2      | 969 ||| STAIRDANCE
   971 | D:1      | 971 ||| DRINKING potion of curing.
   971 | D:1      | 971 ||| (to cure confusion)
   977 | D:2      | 977 ||| FLEEEEING.
   979 | D:2      | 979 ||| STAIRDANCE
  1041 | D:2      | Killed Sigmund
  1042 | D:2      | Reached skill level 6 in Ranged Weapons
  1042 | D:2      | Reached XP level 4. HP: 28/28 MP: 4/4
  1042 | D:2      | Reached XP level 5. HP: 32/32 MP: 5/5
  1088 | D:2      | Found a broken altar of Ashenzari.
  1242 | D:2      | Reached XP level 6. HP: 37/37 MP: 6/6
  1314 | D:2      | Found a faded altar of an unknown god.
  1360 | D:2      | 1360 ||| UPGRADING to ring of positive energy.
  1361 | D:2      | 1361 ||| FLEEEEING.
  1368 | D:2      | 1368 ||| STAIRDANCE
  1370 | D:1      | 1370 ||| READING scroll of identify.
  1370 | D:1      | 1370 ||| IDENTIFYING scroll labelled TOFINL SEETU
  1371 | D:1      | 1371 ||| DROPPING scroll of amnesia.
  1492 | D:2      | 1492 ||| STAIRDANCE
  1614 | D:2      | 1614 ||| READING scroll of identify.
  1614 | D:2      | 1614 ||| IDENTIFYING glowing golden potion
  1615 | D:2      | 1615 ||| DROPPING potion of degeneration.
  2138 | D:3      | Found a runed translucent gate.
  2138 | D:3      | Found a runed translucent gate.
  2139 | D:3      | Found a runed translucent gate.
  2139 | D:3      | Noticed qw's ghost (amateur GrHu)
  2139 | D:3      | Noticed qw's ghost (amateur GrHu)
  2139 | D:3      | Noticed qw's ghost (amateur GrHu)
  2139 | D:3      | Noticed qw's ghost (weakling GrHu)
  2140 | D:3      | Noticed qw's ghost (amateur GrHu)
  2337 | D:3      | 2337 ||| READING scroll of identify.
  2337 | D:3      | 2337 ||| IDENTIFYING black potion
  2338 | D:3      | 2338 ||| DRINKING 2 yellow potions.
  2339 | D:3      | 2339 ||| DROPPING potion of ambrosia.
  2340 | D:3      | 2340 ||| DROPPING potion of magic.
  2362 | D:4      | 2362 ||| STAIRDANCE
  2463 | D:4      | 2463 ||| FLEEEEING.
  2464 | D:4      | 2464 ||| STAIRDANCE
  2661 | D:4      | Reached skill level 7 in Ranged Weapons
  2833 | D:4      | Found a sacrificial altar of Ru.
  2835 | D:4      | Found a sparkling altar of Nemelex Xobeh.
  2835 | D:4      | Noticed a black bear
  3132 | D:4      | Reached XP level 7. HP: 43/43 MP: 7/7
  3251 | D:4      | 3251 ||| UPGRADING to +0 pair of gloves.
  3256 | D:4      | 3256 ||| READING scroll labelled BYWKACO ZENGAM.
  3256 | D:4      | 3256 ||| ENCHANTING +0 shortbow.
  3257 | D:4      | 3257 ||| READING scroll labelled YCWEEDE UXIG.
  3290 | D:5      | Entered Level 5 of the Dungeon
  3315 | D:5      | HP: 4/43 [gnoll bouda/+0 club (7)]
  3316 | D:5      | 3316 ||| READING scroll of teleportation.
  3316 | D:5      | Slain by a gnoll bouda

Levels and vault maps discovered:
D:1:      eino_arrival_cavern_d, layout_basic
D:2:      layout_basic, basic_altar, shapermc_ecumenical_altar_petra,
          kennysheep_nub, dreamdust_princess_corridor, uniq_sigmund
D:3:      layout_basic, gammafunk_ghost_cemetery
D:4:      kennysheep_slugbush, layout_loops_ring,
          mainiacjoe_overflow_divided_tiny, st_stairs_3
D:5:      layout_loops_ring, nicolae_qazlal_beasts_of_the_sky,
          nicolae_yredelemnul_ghost_church, grunt_decor_junction

Skill      XL: |  1  2  3  4  5  6 |
---------------+-------------------+-----
Ranged Weapons | 6 7 |  7.6
Fighting       | 3 4 |  4.0
Dodging        | 2 |  2.0
Armour         | |  0.9
Stealth        | |  1.1

Action                     |  1- 3 |  4- 6 |  7- 9 || total
---------------------------+-------+-------+-------++-------
   Fire: Shortbow          |   126 |   227 |    23 ||   376
    Use: Scroll            |     6 |     3 |     3 ||    12
         Potion            |     1 |     1 |       ||     2
 Armour: Leather armour    |    70 |    51 |    11 ||   132
  Dodge: Dodged            |    69 |    52 |     6 ||   127

Table legend:
 A = Non-vault XP
 B = Vault XP
 C = Vault XP percentage of total XP
 D = Non-vault monster count
 E = Vault monster count
 F = Vault count percentage of total count
                 A         B        C        D         E       F
            +---------+---------+-------+---------+---------+-------
      Total |     488 |     252 |  34.1 |      76 |      11 |  12.6
            +---------+---------+-------+---------+---------+-------
        D:1 |      41 |       0 |   0.0 |      21 |       0 |   0.0
        D:2 |      77 |     214 |  73.5 |      23 |       1 |   4.2
        D:3 |      50 |       0 |   0.0 |      12 |       0 |   0.0
        D:4 |     290 |      38 |  11.6 |      18 |      10 |  35.7
        D:5 |      30 |       0 |   0.0 |       2 |       0 |   0.0
            +---------+---------+-------+---------+---------+-------
